 Dungeon Crawl Stone Soup version 0.29-a0-234-g0dae59b3db (webtiles) character file.

Game seed: 15207817303416407721

173 lunkers the Covert (level 5, 0/39 HPs)
             Began as a Vampire Delver on Mar 2, 2022.
             Slain by a centaur (1 damage)
             ... on level 5 of the Dungeon.
             The game lasted 00:03:20 (260 turns).

lunkers the Covert (Vampire Delver)                  Turns: 260, Time: 00:03:20

Health: 0/39       AC:  3    Str: 11    XL:     5   Next: 28%
Magic:  5/5        EV: 12    Int: 13    God:
Gold:   0          SH:  0    Dex: 17    Spells: 4/4 levels left

rFire   . . .      SeeInvis +   a - +0 short sword
rCold   . . .      Faith    .   (no shield)
rNeg    . . .      Spirit   .   b - +0 leather armour
rPois   .          Reflect  .   (no helmet)
rElec   .          Harm     .   (no cloak)
rCorr   .          Rampage  .   (no gloves)
Will    .....                   (no boots)
Stlth   ++++......              (no amulet)
HPRegen 0.33/turn               (no ring)
MPRegen 0.09/turn               (no ring)

@: healing quickly
A: alive, fangs 3, see invisible, vampiric 2
a: Exsanguinate


You were on level 5 of the Dungeon.
You visited 1 branch of the dungeon, and saw 1 of its levels.

Inventory:

Hand Weapons
 a - a +0 short sword (weapon)
Armour
 b - a +0 leather armour (worn)
Wands
 g - a wand of digging (3)
Scrolls
 c - a scroll of fog
 d - a scroll of magic mapping
 e - a scroll of fear
Potions
 f - a potion of haste


   Skills:
 - Level 2.6 Fighting
 * Level 5.1 Short Blades
 - Level 2.1 Dodging
 + Level 8.7 Stealth


You had 4 spell levels left.
You didn't know any spells.
Your spell library was empty.

Dungeon Overview and Level Annotations

Branches:
Dungeon (5/15)
 Temple: D:4-7

Altars:


Innate Abilities, Weirdness & Mutations

Your natural rate of healing is accelerated.
You have razor-sharp teeth.
You have supernaturally acute eyesight. (SInv)
You are afflicted with vampirism and can become a bat while bloodless.


Message History

The centaur is lightly wounded.
The centaur hits you but does no damage.
The centaur kicks you but does no damage.
You barely miss the centaur.
The centaur is lightly wounded.
The centaur hits you but does no damage.
The centaur kicks you.
* * * LOW HITPOINT WARNING * * *
The centaur closely misses you.
The centaur kicks you but does no damage.
You barely miss the centaur.
The centaur is lightly wounded.
The centaur hits you.
* * * LOW HITPOINT WARNING * * *
The centaur kicks you.
* * * LOW HITPOINT WARNING * * *
You hit the centaur.
The centaur is moderately wounded.
The centaur hits you.
* * * LOW HITPOINT WARNING * * *
The centaur closely misses you.
You barely miss the centaur.
The centaur is moderately wounded.
The centaur hits you.
* * * LOW HITPOINT WARNING * * *
The centaur closely misses you.
You hit the centaur.
The centaur is heavily wounded.
The centaur misses you. The centaur kicks you.
* * * LOW HITPOINT WARNING * * *
The centaur hits you.
* * * LOW HITPOINT WARNING * * *
The centaur kicks you.
* * * LOW HITPOINT WARNING * * *
You hit the centaur.
The centaur is heavily wounded.
The centaur hits you.
* * * LOW HITPOINT WARNING * * *
The centaur kicks you.
You die...

g.# o.#.<. ... #.#..#
# ##.##o.(.###..
.....#.....
###........## ## #..
#....|.#
....###.####..#.#.##
#.......c......h.....
.
#######@####.##......
.W ##.# #.# ###.#....
#..# #.# .#....
###.## #.# ###......
#(..# #.# #........
#.#######.###.#
######.# #...>....#
####......#
#.......##
##....######
#......##


You could see a centaur.

Vanquished Creatures
  A sky beast (D:5)
  A jelly (D:5)
  A hound (D:5)
  2 adders (D:5)
  2 orcs (D:5)
7 creatures vanquished.

Notes
Turn   | Place    | Note
-------+----------+-------------------------------------------
     0 | D:5      | lunkers the Vampire Delver began the quest for the Orb.
     0 | D:5      | Reached XP level 1. HP: 17/17 MP: 1/1
     4 | D:5      | Noticed a phantom
    14 | D:5      | Noticed a hound
    34 | D:5      | Reached XP level 2. HP: 16/23 MP: 2/2
    57 | D:5      | Gained mutation: You are afflicted with vampirism and can
                  | become a bat while bloodless. [Vampire growth]
    57 | D:5      | Reached XP level 3. HP: 4/28 MP: 3/3
    63 | D:5      | Noticed a sky beast
    65 | D:5      | Reached skill level 8 in Stealth
    65 | D:5      | Reached XP level 4. HP: 8/34 MP: 4/4
    72 | D:5      | Killed a sky beast
    73 | D:5      | Reached skill level 5 in Short Blades
    73 | D:5      | Reached XP level 5. HP: 12/39 MP: 5/5
   241 | D:5      | Noticed a centaur
   260 | D:5      | HP: 1/39 [centaur (3)]
   260 | D:5      | Slain by a centaur

Illustrated notes

Levels and vault maps discovered:
D:5:      layout_rooms, nicolae_overflow_hidden_temple,
          kennysheep_opposing_triangles

Skill      XL: |  1  2  3  4 |
---------------+-------------+-----
Short Blades   | 3 4 5 |  5.1
Stealth        | 8 |  8.7
Fighting       | |  2.6
Dodging        | |  2.1

Action                   |  1- 3 |  4- 6 || total
-------------------------+-------+-------++-------
Melee: Short sword       |    34 |    28 ||    62
       Bite              |     4 |     1 ||     5
 Stab: Sleeping          |     1 |     1 ||     2
Armor: Leather armour    |     7 |    13 ||    20
Dodge: Dodged            |    24 |    20 ||    44

Table legend: (Time is in decaauts)
 A = Elapsed time spent in this place.
 B = Non-inter-level travel time spent in this place.
 C = Inter-level travel time spent in this place.
 D = Time resting spent in this place.
 E = Time spent auto-exploring this place.
 F = Levels seen in this place.
 G = Mean time per level.
                   A        B        C        D        E       F      G
               +--------+--------+--------+--------+--------+-----+--------+
         Total |    254 |    235 |     19 |      3 |    116 |   1 |  254.0 |
       Dungeon |    254 |    235 |     19 |      3 |    116 |   1 |  254.0 |
               +--------+--------+--------+--------+--------+-----+--------+

Top non-repeatable levels by time:
     D:5: 254 daAuts
